 Dungeon Crawl Stone Soup version 0.22.0 (webtiles) character file.

2177 Gunterle the Chopper (level 9, -3/75 HPs)
             Began as a Yellow Draconian Fighter on Aug 12, 2018.
             Was a Believer of the Shining One.
             Slain by a hornet (16 damage)
             ... on level 8 of the Dungeon.
             The game lasted 00:40:24 (7899 turns).

Gunterle the Chopper (Yellow Draconian Fighter)     Turns: 7899, Time: 00:40:24

Health: -3/75      AC:  9    Str: 20    XL:     9   Next: 11%
Magic:  9/12       EV: 12    Int: 10    God:    the Shining One [**....]
Gold:   95         SH: 17    Dex: 11    Spells: 6/8 levels left

rFire    . . .     SeeInvis .   G - +3 broad axe (elec)
rCold    . . .     Gourm    .   b - +0 shield
rNeg     + + .     Faith    .   (armour unavailable)
rPois    .         Spirit   .   (helmet restricted)
rElec    .         Reflect  .   x - +1 cloak
rCorr    +         Harm     .   (no gloves)
MR       .....                  (no boots)
Stlth    +.........             j - amulet of rage
HPRegen  0.22/turn              F - ring of positive energy
MPRegen  0.13/turn              M - ring of stealth

@: divine shield, short of breath, hasted and slowed, glowing
A: spit acid, acid resistance, unfitting armour, cold-blooded, AC +7
a: Breathe Acid, Divine Shield, Renounce Religion, Evoke Berserk Rage


You were on level 8 of the Dungeon.
You worshipped the Shining One.
The Shining One was pleased with you.
You were not hungry.

You visited 2 branches of the dungeon, and saw 9 of its levels.

You collected 359 gold pieces.
You spent 264 gold pieces at shops.

Inventory:

Hand Weapons
 a - a +0 war axe
 n - a +0 spear
 v - the +8 demon blade "Bloodbane" {slice, *Rage +Rage Stlth-}
   (You found it on level 5 of the Dungeon)

   It inflicts extra damage upon your enemies.
   It lets you go berserk.
   It may make you go berserk in combat.
   It makes you less stealthy.
   The Shining One disapproves of the use of such an item.
 y - a +0 scythe of slicing
 G - a +3 broad axe of electrocution (weapon)
 P - a +0 hand axe of flaming
Missiles
 h - 230 stones (quivered)
 i - 115 arrows
 k - 16 poisoned needles
 o - 2 needles of frenzy
 p - 2 tomahawks
 w - 66 bolts
 B - 14 sling bullets
 H - 4 needles of paralysis
 T - a throwing net
Armour
 b - a +0 shield (worn)
 x - a +1 cloak (worn)
Jewellery
 j - an amulet of rage (around neck)
 u - an uncursed amulet of rage
 F - a ring of positive energy (left hand)
 M - a ring of stealth (right hand)
 Q - an uncursed ring of fire
Wands
 q - a wand of flame (23)
 O - a wand of iceblast (8)
 U - a wand of polymorph (14)
Scrolls
 e - 2 scrolls of immolation
 m - a scroll of enchant armour
 r - 2 scrolls of remove curse
 A - a scroll of teleportation {unknown}
 C - 2 scrolls of amnesia
 E - a scroll of noise {unknown}
 I - a scroll of enchant weapon
 K - 2 scrolls of random uselessness
 L - a scroll of fog {unknown}
 N - a scroll of magic mapping {unknown}
Potions
 c - a potion of might
 g - a potion of cancellation
 l - 2 potions of flight
 s - 2 potions of haste
 t - a potion of mutation {unknown}
 z - a potion of resistance {unknown}
 D - a potion of lignification
 J - a potion of brilliance {unknown}
 R - a potion of ambrosia {unknown}
 V - a potion of heal wounds {unknown}
Comestibles
 d - 13 rations
 S - 10 chunks of flesh


   Skills:
 + Level 6.1 Fighting
 * Level 7.1 Axes
 + Level 5.1 Dodging
 + Level 5.7 Shields
 + Level 4.5 Invocations
 + Level 2.9 Evocations


You had 6 spell levels left.
You knew the following spells:

 Your Spells              Type           Power        Failure   Level  Hunger
a - Blink                 Tloc           N/A          88%         2    ###....

Your spell library contained the following spells:

 Spells                   Type           Power        Failure   Level  Hunger
 Magic Dart               Conj           #...         77%         1    ##.....
 Fireball                 Conj/Fire      #.........   100%        5    ######.
 Conjure Flame            Conj/Fire      #.......     98%         3    ####...
 Slow                     Hex            #.......     88%         2    ###....
 Throw Flame              Conj/Fire      #.....       88%         2    ###....
 Mephitic Cloud           Conj/Pois/Air  #.......     98%         3    ####...
 Sticky Flame             Conj/Fire      #.......     100%        4    #####..
 Call Imp                 Summ           #.......     88%         2    ###....
 Flame Tongue             Conj/Fire      #....        77%         1    ##.....
 Inner Flame              Hex/Fire       #.......     98%         3    ####...


Dungeon Overview and Level Annotations

Branches:
Dungeon (8/15)             Temple (1/1) D:4
   Lair: D:8-11

Altars:
Ashenzari
Cheibriados
Dithmenos
Elyvilon
Fedhas
Gozag
Hepliaklqana
Kikubaaqudgha
Makhleb
Nemelex Xobeh
Okawaru
Qazlal
Ru
Sif Muna
Uskayaw
Vehumet
Wu Jian
Xom
Yredelemnul
Zin
The Shining One

Shops:
D:5 *(*[

Annotations:
D:5 1 runed door


Innate Abilities, Weirdness & Mutations

You can spit globs of acid.
You are resistant to acid.
Your golden yellow scales are hard. (AC +7)
You cannot fit into any form of body armour.
You are cold-blooded and may be slowed by cold attacks.


Message History

The Shining One accepts your kill.
You feel somewhat more hungry.
You feel sick. The hornet stings you!
You are more poisoned.
You feel as though you will be slow longer.
The hornet stings you.
* * * LOW HITPOINT WARNING * * *
You feel as though you will be slow longer.
You block the orc warrior's attack.
You feel sick. You block the hornet's attack.
You feel sick. The hornet misses you.
You feel sick. The hornet misses you.
Your shield is strengthened by the Shining One's divine power.
You feel slightly more hungry.
You feel sick. The hornet stings you!
* * * LOW HITPOINT WARNING * * *
You feel as though you will be slow longer.
You block the hornet's attack. The hornet closely misses you.
You feel better. You block the hornet's attack. x2
You feel yourself speed up. The hornet barely misses you.
The hornet stings you!
You die...

#.## #.#
##.# #>#
##..# #.#
#..## #.#
#.## #.# #<#
#.# ######
#.# #.#
......####.#
#.#
......#oy@.#
#.# #..o####
#># +..##
#.# #))# #.#
...##
###.###
.....
#.....#
..#####
#.....# .
#.....#
#.....#


You could see a hornet, an orc warrior and an orc.

Vanquished Creatures
  Sigmund (D:4)
  A water moccasin (D:4)
  Duvessa (D:4)
  2 phantoms
  An orc warrior (D:6)
  An ogre (D:4)
  A centaur (D:5)
  3 bullfrogs
  Dowan (D:4)
  3 scorpions
  A howler monkey (D:4)
  2 crimson imps
  2 bullfrog zombies
  An orc priest (D:8)
  3 hounds
  2 jellies (D:5)
  3 orc wizards
  A centaur skeleton (D:4)
  Jessica (D:2)
  5 iguanas
  A worker ant (D:4)
  A howler monkey zombie (D:6)
  6 gnolls
  A howler monkey skeleton (D:6)
  10 adders
  3 shadow imps
  An adder zombie (D:5)
  An adder skeleton (D:7)
  A worm (D:4)
  5 dart slugs
  5 leopard geckos
  17 orcs
  2 giant cockroaches
  10 goblins
  11 hobgoblins
  8 jackals
  3 kobolds
  8 quokkas
  2 ball pythons
  A ball python zombie (D:5)
  8 bats
  9 frilled lizards
  A leopard gecko skeleton (D:6)
  A quokka zombie (D:5)
  5 rats
157 creatures vanquished.

Notes
Turn   | Place    | Note
-------+----------+-------------------------------------------
     0 | D:1      | Gunterle the Draconian Fighter began the quest for the Orb.
     0 | D:1      | Reached XP level 1. HP: 19/19 MP: 1/1
   421 | D:1      | Reached XP level 2. HP: 19/26 MP: 2/2
  1190 | D:2      | Reached XP level 3. HP: 21/31 MP: 3/3
  1426 | D:2      | Found a sacrificial altar of Ru.
  1864 | D:2      | Noticed Jessica
  1879 | D:2      | Killed Jessica
  1879 | D:2      | Reached skill level 3 in Axes
  1879 | D:2      | Reached XP level 4. HP: 30/40 MP: 4/4
  2091 | D:2      | Found a white marble altar of Elyvilon.
  2091 | D:2      | Found a glowing silver altar of Zin.
  2091 | D:2      | Found a glowing golden altar of the Shining One.
  2106 | D:2      | Became a worshipper of the Shining One
  2317 | D:3      | Found a faded altar of an unknown god.
  2791 | D:3      | Found an opulent altar of Gozag.
  2926 | D:3      | Found a deep blue altar of Sif Muna.
  2926 | D:3      | Found a hazy altar of Hepliaklqana.
  3223 | D:4      | Noticed Duvessa
  3225 | D:4      | Noticed Dowan
  3235 | D:4      | Killed Duvessa
  3235 | D:4      | Reached skill level 4 in Axes
  3235 | D:4      | Reached skill level 1 in Invocations
  3235 | D:4      | Reached XP level 5. HP: 30/46 MP: 4/6
  3239 | D:4      | Killed Dowan
  3239 | D:4      | Reached XP level 6. HP: 11/52 MP: 4/7
  3958 | D:4      | Noticed a water moccasin
  3968 | D:4      | Killed a water moccasin
  3968 | D:4      | Your scales start taking on a golden yellow colour.
  3968 | D:4      | Reached XP level 7. HP: 60/60 MP: 8/8
  3989 | D:4      | Noticed Sigmund
  4303 | D:4      | Killed Sigmund
  4303 | D:4      | Reached skill level 5 in Axes
  4372 | D:4      | Found a staircase to the Ecumenical Temple.
  4379 | Temple   | Entered the Ecumenical Temple
  4763 | D:4      | Found a snail-covered altar of Cheibriados.
  4781 | D:4      | Reached skill level 5 in Fighting
  5168 | D:5      | Entered Level 5 of the Dungeon
  5178 | D:5      | Found the +8 demon blade "Bloodbane" {slice, *Rage +Rage Stlth-}
  5216 | D:5      | Found an ornate altar of the Wu Jian Council.
  5304 | D:5      | Found a blossoming altar of Fedhas.
  5455 | D:5      | Reached * piety under the Shining One
  5466 | D:5      | Reached XP level 8. HP: 60/68 MP: 10/10
  5588 | D:5      | Reached skill level 1 in Evocations
  5609 | D:5      | Found a runed door.
  5620 | D:5      | Found a glowing silver altar of Zin.
  5620 | D:5      | Noticed an angel
  5640 | D:5      | Found Woruc's Antique Armour Shop.
  5646 | D:5      | Found Veneer's General Store.
  5647 | D:5      | Found Zeun's Weapon Shop.
  5648 | D:5      | Found Quinan's General Store.
  5988 | D:5      | Reached skill level 5 in Shields
  6042 | D:6      | Reached skill level 6 in Axes
  7085 | D:5      | Bought a +2 broad axe of electrocution for 242 gold pieces
  7086 | D:5      | Bought a scroll of identify for 22 gold pieces
  7150 | D:7      | Learned a level 2 spell: Blink
  7335 | D:7      | Found a hide-covered altar of Uskayaw.
  7442 | D:7      | Reached skill level 5 in Dodging
  7529 | D:7      | Found a sparkling altar of Nemelex Xobeh.
  7746 | D:8      | Reached XP level 9. HP: 74/75 MP: 12/12
  7796 | D:8      | Reached skill level 7 in Axes
  7833 | D:8      | Reached ** piety under the Shining One
  7897 | D:8      | HP: 3/75 [hornet (10)]
  7899 | D:8      | Slain by a hornet

Skill      XL: |  1  2  3  4  5  6  7  8  9 |
---------------+----------------------------+-----
Dodging        | 3 4 5 |  5.1
Axes           | 3 4 5 6 7 |  7.1
Fighting       | 4 5 6 |  6.1
Invocations    | 1 2 3 4 |  4.5
Shields        | 4 5 |  5.7
Evocations     | 2 |  2.9

Action                   |  1- 3 |  4- 6 |  7- 9 || total
-------------------------+-------+-------+-------++-------
Melee: War axe           |   110 |   135 |   170 ||   415
       Tailslap          |    12 |    19 |    26 ||    57
       Broad axe         |       |       |    49 ||    49
       Hand axe          |       |       |     8 ||     8
Invok: Divine Shield     |       |       |     1 ||     1
 Abil: Breathe Acid      |       |       |     6 ||     6
Evoke: Wand              |       |     6 |       ||     6
  Use: Potion            |       |     3 |     2 ||     5
       Scroll            |       |     1 |    10 ||    11
 Stab: Sleeping          |     1 |       |       ||     1
  Eat: Chunk             |     3 |     7 |    14 ||    24
Armor: Skin              |    28 |    42 |    45 ||   115
Dodge: Dodged            |    55 |    69 |    89 ||   213
Block: Shield            |    36 |    67 |   109 ||   212
